 Dungeon Crawl Stone Soup version 0.28.0-61-g67df4f89a8 (webtiles) character file.

Game seed: 10010800580594404469

99 NotaViper the Slasher (level 4, -1/37 HPs)
             Began as a Ghoul Gladiator on Feb 14, 2023.
             Slain by a worm (15 damage)
             ... on level 3 of the Dungeon.
             The game lasted 00:06:54 (2634 turns).

NotaViper the Slasher (Ghoul Gladiator)             Turns: 2634, Time: 00:06:55

Health: -1/37      AC: 12    Str: 19    XL:     4   Next: 72%
Magic:  3/3        EV: 11    Int:  3    God:
Gold:   152        SH:  0    Dex: 10    Spells: 3/3 levels left

rFire   . . .      SeeInvis +   a - +0 long sword
rCold   + . .      Faith    .   (no shield)
rNeg    + + +      Spirit   .   n - +4 ring mail of Daisies {Fly rPois SInv}
rPois   ∞          Reflect  .   c - +0 helmet
rElec   .          Harm     .   (no cloak)
rCorr   .          Rampage  .   r - +1 pair of gloves
Will    .....                   (no boots)
Stlth   ..........              (no amulet)
HPRegen 0.00/turn               (no ring)
MPRegen 0.08/turn               (no ring)

@: flying, inhibited regen
A: claws 1, cold resistance 1, negative energy resistance 3, inhibited
regeneration, torment resistance 2
a: no special abilities


You were on level 3 of the Dungeon.
You visited 1 branch of the dungeon, and saw 3 of its levels.

You collected 152 gold pieces.

Inventory:

Hand Weapons
 a - a +0 long sword (weapon)
 e - a +0 dagger
 i - a +0 whip
 k - a +0 short sword
 m - a +0 hand axe
Missiles
 d - 3 throwing nets (quivered)
 h - 103 stones
 j - 26 arrows
Armour
 b - a +0 leather armour
 c - a +0 helmet (worn)
 l - a +0 robe
 n - the +4 ring mail of Daisies (worn) {Fly rPois SInv}
   (You found it on level 2 of the Dungeon)

   rPois:     It protects you from poison.
   SInv:      It lets you see invisible.
   Fly:       It grants you flight.
 o - a +0 ring mail
 r - a +1 pair of gloves (worn)
Magical Staves
 t - a staff of earth
Scrolls
 p - 4 scrolls of teleportation {unknown}
 q - a scroll of noise {unknown}
 s - a scroll of identify {unknown}
 u - a scroll of enchant weapon {unknown}
Potions
 f - a potion of haste {unknown}
 g - a potion of curing {unknown}


   Skills:
 + Level 2.7 Fighting
 + Level 3.8 Long Blades
 + Level 1.8 Throwing
 + Level 1.4 Armour
 + Level 3.1 Dodging
 + Level 0.1 Stealth


You had 3 spell levels left.
You didn't know any spells.
Your spell library was empty.

Dungeon Overview and Level Annotations

Branches:
Dungeon (3/15)

Altars:
Trog

Shops:
D:1 [


Innate Abilities, Weirdness & Mutations

You thrive by killing the living.
You are immune to poison.
You have sharp fingernails.
Your flesh is cold resistant. (rC+)
You are immune to negative energy. (rN+++)
You do not regenerate when monsters are visible.
You are immune to unholy pain and torment.


Message History

Found 27 stones.
You slash the adder!
You kill the adder!
You now have 152 gold pieces (gained 8).
h - 103 stones (gained 27)
You reach down and open the door.
A moth of wrath comes into view.
Throw: 3 throwing nets
Press: ? - help, Shift-Dir - straight line, f - moth of wrath
Aim: a moth of wrath (fire blocked by an iron grate, 56% to hit)
Your line of fire to the moth of wrath is blocked by an iron grate.
Continue anyway?
Okay, then.
There is an open door here. 2 rats and 2 worms come into view.
Found a bloodstained altar of Trog.
A worm comes into view.
Found a club, a mace and a falchion.
Found a mace.
The moth of wrath goads the worm on!
The worm goes berserk!
You barely miss the worm. The worm bites you!
You hit the worm but do no damage.
The moth of wrath goads the rat on!
The rat goes berserk!
The worm bites you!
You slash the worm!
The worm is moderately wounded.
The rat bites you. The rat closely misses you. The worm barely misses you.
You hit the worm but do no damage.
The worm is moderately wounded.
The rat closely misses you.
The moth of wrath goads the worm on!
The worm goes berserk!
The worm bites you. The rat barely misses you. The worm closely misses you.
You slash the worm!
The worm is severely wounded.
The rat bites you but does no damage. The worm bites you but does no damage.
The worm bites you. The rat bites you but does no damage.
You hit the worm.
The worm is severely wounded.
The moth of wrath goads the rat on!
The rat goes berserk!
The rat bites you but does no damage. The worm closely misses you.
The worm bites you!
You die...

#....#############.#
#..####....##..# #.###
#..##.......##.###...## ##
#.##)........#.#...#..####.
#.##....#....##..#.........
#.#))..###...########.####.
#.#.._.#y#...'..## #.# ##
#.#...w###r..##..# #.#
#.##)...#w@..###.# #.#
#.##.....wr..###.####.#
#.###.......##..<.....#
#...###....##....##########
#############.#..# #...[.
#...............# #.####
#............#.## #.##..
#.........####.# #.##.#
####...##......# #.##.#


You could see a moth of wrath, 3 worms and 2 rats.

Vanquished Creatures
  4 adders
  A worm (D:3)
  4 ball pythons
  4 endoplasms
  13 giant cockroaches (D:2)
  6 goblins
  5 hobgoblins
  3 jackals (D:1)
  3 kobolds
  2 quokkas
  A bat (D:1)
  2 frilled lizards
  5 rats
53 creatures vanquished.

Notes
Turn   | Place    | Note
-------+----------+-------------------------------------------
     0 | D:1      | NotaViper the Ghoul Gladiator began the quest for the Orb.
     0 | D:1      | Reached XP level 1. HP: 17/17 MP: 0/0
     2 | D:1      | Noticed a tengu
     2 | D:1      | Noticed a naga
     4 | D:1      | Noticed an elf
     4 | D:1      | Noticed a felid
     6 | D:1      | Noticed a demigod
     8 | D:1      | Noticed an octopode
     8 | D:1      | Noticed a demonspawn
    10 | D:1      | Noticed a vine stalker
    12 | D:1      | Noticed a minotaur
    14 | D:1      | Noticed a vampire
    14 | D:1      | Noticed an ogre
    16 | D:1      | Noticed a ghoul
    16 | D:1      | Noticed a spriggan
    18 | D:1      | Noticed a troll
    18 | D:1      | Noticed a draconian
    20 | D:1      | Noticed a gargoyle
    22 | D:1      | Noticed a dwarf
    22 | D:1      | Noticed a merfolk
    24 | D:1      | Noticed a formicid
    26 | D:1      | Noticed a human
   314 | D:1      | Reached XP level 2. HP: 24/24 MP: 1/1
   427 | D:1      | Found Boinwuqe's Antique Armour Shoppe.
  1012 | D:2      | Reached XP level 3. HP: 6/29 MP: 2/2
  1039 | D:2      | Reached skill level 1 in Armour
  1116 | D:2      | Identified the +4 ring mail of Daisies {Fly rPois SInv}
  1490 | D:2      | Reached XP level 4. HP: 37/37 MP: 3/3
  2620 | D:3      | Noticed a moth of wrath
  2624 | D:3      | Found a bloodstained altar of Trog.
  2634 | D:3      | Slain by a worm

Illustrated notes

Levels and vault maps discovered:
D:1:      kb_arrival_jail, layout_rooms, serial_shops,
          nicolae_shop_advertising_works [nicolae_subvault_shop_adworks]
D:2:      minmay_roachtagon, layout_loops_ring, minmay_quadrilaterals
D:3:      layout_loops_cross, tgw_trog

Skill      XL: |  1  2  3 |
---------------+----------+-----
Dodging        | 3 |  3.1
Long Blades    | 3 |  3.8
Armour         | 1 |  1.4
Fighting       | |  2.7
Throwing       | |  1.8
Stealth        | |  0.1

Action                   |  1- 3 |  4- 6 || total
-------------------------+-------+-------++-------
Melee: Long sword        |   119 |    46 ||   165
       Punch             |     1 |       ||     1
Armor: Leather armour    |    41 |       ||    41
       Ring mail         |    15 |    20 ||    35
Dodge: Dodged            |   122 |    29 ||   151
